 Seeded DCSS version 0.30-a0-585-g93115170b9 (webtiles) character file.

Game seed: 17976093497368480861 (custom seed)

574953 purpskrrrp the Impregnable (level 26, -17/289 HPs)
             Began as a Gargoyle Fighter on Jan 1, 2023.
             Was an Elder of Ashenzari.
             Demolished by a searing wretch (23 damage)
             ... on level 1 of the Depths.
             The game lasted 03:54:44 (71611 turns).

purpskrrrp the Impregnable (Gargoyle Fighter)      Turns: 71611, Time: 03:54:44

Health: -17/289    AC: 67    Str: 34      XL:     26   Next: 47%
Magic:  23/23      EV: 18    Int:  9 (10) God:    Ashenzari [****..]
Gold:   3951       SH:  0    Dex:  7      Spells: 26/26 levels left

rFire   . . .      SeeInvis +    s - +10 dark maul {heavy}
rCold   + + .      Faith    .    (shield currently unavailable)
rNeg    + + .      Spirit   .    L - +10 plate armour "Zeticua" {rC+ rCorr}
rPois   ∞          Reflect  .    u - +2 hood of the Assassin {Detection Stab+ Stlth++, Self, Fort} (curse)
rElec   +          Harm     .    G - +2 cloak of the Thief {*Fog Slay-2 SInv Stlth+, Evo, Range} (curse)
rCorr   +          Rampage  +    N - +1 pair of gloves of Supernal Knowledge {Cun, Melee} (curse)
Will    +++..      Clarity  +    q - +2 pair of boots "Scepticism of Ashenzari" {rampage, Comp, Melee} (curse) Stlth
                                 a - necklace of Bloodlust {*Rage Will++ Int-3 Slay+6, Fort, Melee} (curse)
HPRegen 0.68/turn                k - ring "Shackled Jealousy" {Str+6, Evo, Self} (curse)
MPRegen 0.18/turn                P - ring "Restrained Mutualism" {rPois rC+ rN+ EV+5, Fort, Self} (curse)

@: berserking, on fire, fire vulnerable, flying, glowing, studying Throwing,
very quick
A: sickness immunity, AC +20, big wings, negative energy resistance 1,
electricity resistance, torment resistance 1, petrification resistance,
iridescent scales 1, see invisible, clumsy 1, deterioration 1, fire resistance
1, mutation resistance 1, sturdy frame 1
}: 4/15 runes: serpentine, barnacled, slimy, silver
a: Renounce Religion, Curse Item, Shatter the Chains


You were on level 1 of the Depths.
You worshipped Ashenzari.
Ashenzari was greatly pleased with you.
You visited 11 branches of the dungeon, and saw 51 of its levels.
You visited the Abyss 1 time.
You visited 1 bazaar.
You also visited: Sewer.

You collected 9135 gold pieces.
You spent 5184 gold pieces at shops.

Inventory:

Hand Weapons
 s - the +10 dark maul (weapon) {heavy}
   (You took it off a tengu reaver on level 4 of the Vaults)

   It deals dramatically more damage, but attacks with it are much slower.
 Q - a +9 demon whip of draining
Missiles
 H - 3 curare-tipped darts
 K - 28 silver javelins
 S - 7 throwing nets
Armour
 l - +2 gold dragon scales
 q - the cursed +2 pair of boots "Scepticism of Ashenzari" (worn) {rampage, Comp, Melee}
   (You found it on level 2 of the Elven Halls)

   It has a curse which improves the following skills: Companions: Summonings
   and Necromancy.
   Melee Combat: Short Blades, Long Blades, Axes, Maces & Flails, Polearms,
   Staves and Unarmed Combat.
 u - the cursed +2 hood of the Assassin (worn) {Detection Stab+ Stlth++, Self, Fort}
   (You found it on level 1 of the Vaults)

   It allows the wearer to sense nearby creatures.
   It allows the wearer to make particularly effective stabbing attacks against
   helpless or unaware enemies with any weapon.
   Stlth:     It makes you much more stealthy.
   It has a curse which improves the following skills: Introspection: Fighting
   and Spellcasting.
   Fortitude: Armour and Shields.
 G - the cursed +2 cloak of the Thief (worn) {*Fog Slay-2 SInv Stlth+, Evo, Range}
   (You bought it in a shop on level 2 of the Orcish Mines)

   It may release a thick cloud of smoke when the wearer is hurt.
   Slay:      It affects your accuracy & damage with ranged weapons and melee
   (-2).
   SInv:      It lets you see invisible.
   Stlth:     It makes you more stealthy.
   It has a curse which improves the following skills: Evocations: Evocations.
   Ranged Combat: Ranged Weapons and Throwing.
 L - the +10 plate armour "Zeticua" (worn) {rC+ rCorr}
   (You found it on level 5 of the Vaults)

   rC:        It protects you from cold.
   rCorr:     It protects you from acid and corrosion.
 N - the cursed +1 pair of gloves of Supernal Knowledge (worn) {Cun, Melee}
   (You found it on level 1 of the Vaults)

   It has a curse which improves the following skills: Cunning: Dodging and
   Stealth.
   Melee Combat: Short Blades, Long Blades, Axes, Maces & Flails, Polearms,
   Staves and Unarmed Combat.
Jewellery
 a - the cursed necklace of Bloodlust (around neck) {*Rage Will++ Int-3 Slay+6, Fort, Melee}
   (You took it off Erolcha on level 13 of the Dungeon)

   [amulet of nothing]

   It extends the wearer's berserk rage when killing foes.
   Int:       It affects your intelligence (-3).
   Slay:      It affects your accuracy & damage with ranged weapons and melee
   (+6).
   *Rage:     It berserks you when you make melee attacks (+50% chance).
   Will:      It greatly increases your willpower.
   It has a curse which improves the following skills: Fortitude: Armour and
   Shields.
   Melee Combat: Short Blades, Long Blades, Axes, Maces & Flails, Polearms,
   Staves and Unarmed Combat.
 b - the amulet of Leaves {rPois rF+ Regen+ Slay+3}
   (You found it on level 5 of the Pits of Slime)

   [amulet of regeneration]

   Slay:      It affects your accuracy & damage with ranged weapons and melee
   (+3).
   rF:        It protects you from fire.
   rPois:     It protects you from poison.
   Regen:     It increases your rate of health regeneration.
 c - a ring of magical power
 j - a ring of ice
 k - the cursed ring "Shackled Jealousy" (left hand) {Str+6, Evo, Self}
   (You found it on level 2 of the Dungeon)

   [ring of strength]

   Str:       It affects your strength (+6).
   It has a curse which improves the following skills: Evocations: Evocations.
   Introspection: Fighting and Spellcasting.
 P - the cursed ring "Restrained Mutualism" (right hand) {rPois rC+ rN+ EV+5, Fort, Self}
   (You found it on level 1 of the Vaults)

   [ring of evasion]

   EV:        It affects your evasion (+5).
   rC:        It protects you from cold.
   rPois:     It protects you from poison.
   rN:        It protects you from negative energy.
   It has a curse which improves the following skills: Fortitude: Armour and
   Shields.
   Introspection: Fighting and Spellcasting.
Wands
 g - a wand of polymorph (15)
 i - a wand of mindburst (29)
 t - a wand of iceblast (9)
 v - a wand of paralysis (51)
 x - a wand of flame (115)
 B - a wand of digging (13)
 Y - a wand of acid (13)
Scrolls
 e - a scroll of silence
 o - 19 scrolls of teleportation
 p - 6 scrolls of magic mapping
 w - a scroll of enchant armour
 z - 34 scrolls of identify
 O - a scroll of fog
 U - 7 scrolls of fear
 V - 3 scrolls of poison
 X - 10 scrolls of immolation
Potions
 d - 17 potions of mutation
 f - 28 potions of curing
 h - 2 potions of heal wounds
 m - a potion of berserk rage
 r - 7 potions of resistance
 D - 4 potions of cancellation
 F - 10 potions of ambrosia
 I - 3 potions of invisibility
 M - 2 potions of might
Miscellaneous
 n - a tin of tremorstones (inert)


   Skills:
 - Level 23.8(27) Fighting
 * Level 21.5(25.0) Maces & Flails
 - Level 3.3(5.1) Throwing
 - Level 25.5(27) Armour
 + Level 11.3(13.2) Dodging
 + Level 18.7(20.4) Stealth
 - Level 16.9(20.6) Shields
 - Level 15.5(18.3) Evocations


You had 26 spell levels left.
You didn't know any spells.
Your spell library contained the following spells:

 Spells                   Type           Power      Damage    Failure   Level
 Kiss of Death            Conj/Necr      0%         2d5       58%         1
 Apportation              Tloc           0%         N/A       61%         1
 Beastly Appendage        Tmut           0%         N/A       61%         1
 Magic Dart               Conj           0%         1d3       61%         1
 Shock                    Conj/Air       0%         1d3       61%         1
 Call Imp                 Summ           0%         N/A       71%         2
 Wereblood                Tmut           0%         N/A       75%         2
 Summon Guardian Golem    Hex/Summ       0%         N/A       91%         3
 Confusing Touch          Hex            0%         N/A       93%         3
 Dazzling Flash           Conj/Hex       0%         N/A       93%         3
 Frozen Ramparts          Ice            0%         1d1       93%         3
 Ignite Poison            Fire/Tmut/Pois 0%         N/A       93%         3
 Inner Flame              Hex/Fire       0%         N/A       93%         3
 Kindle Blastsparks       Fire/Tloc/Air  0%         2d10      93%         3
 Mephitic Cloud           Conj/Pois/Air  0%         N/A       93%         3
 Ozocubu's Armour         Ice            0%         N/A       93%         3
 Portal Projectile        Hex/Tloc       0%         N/A       93%         3
 Tukima's Dance           Hex            0%         N/A       93%         3
 Anguish                  Hex/Necr       0%         N/A       100%        4
 Dispel Undead            Necr           0%         3d6       100%        4
 Flame Wave               Conj/Fire      0%         2d4       100%        4
 Fulminant Prism          Conj/Hex       0%         3d5       100%        4
 Iskenderun's Mystic Bla  Conj/Tloc      0%         2d3       100%        4
 Leda's Liquefaction      Hex/Erth       0%         N/A       100%        4
 Manifold Assault         Tloc           0%         N/A       100%        4
 Petrify                  Tmut/Erth      0%         N/A       100%        4
 Alistair's Intoxication  Tmut/Pois      0%         N/A       100%        5
 Blade Hands              Tmut           0%         N/A       100%        5
 Borgnjor's Vile Clutch   Necr/Erth      0%         N/A       100%        5
 Fireball                 Conj/Fire      0%         3d3       100%        5
 Freezing Cloud           Conj/Ice/Air   0%         6-21      100%        5
 Irradiate                Conj/Tmut      0%         3d11      100%        5
 Iskenderun's Battlesphe  Conj           0%         2d6       100%        5
 Lee's Rapid Deconstruct  Erth           0%         3d4*      100%        5
 Metabolic Englaciation   Hex/Ice        0%         N/A       100%        5
 Summon Mana Viper        Hex/Summ       0%         N/A       100%        5
 Yara's Violent Unravell  Hex/Tmut       0%         3d3       100%        5
 Conjure Ball Lightning   Conj/Air       0%         3x3d6     100%        6
 Death Channel            Necr           0%         N/A       100%        6
 Dispersal                Tloc           0%         N/A       100%        6
 Eringya's Noxious Bog    Tmut/Pois      0%         N/A       100%        6
 Iron Shot                Conj/Erth      0%         9d1       100%        6
 Simulacrum               Ice/Necr       0%         N/A       100%        6
 Starburst                Conj/Fire      0%         6d3       100%        6
 Enfeeble                 Hex            0%         N/A       100%        7
 Malign Gateway           Summ/Tloc      0%         N/A       100%        7
 Orb of Destruction       Conj           0%         9d5       100%        7
 Summon Hydra             Summ           0%         N/A       100%        7
 Disjunction              Tloc           0%         N/A       100%        8
 Necromutation            Tmut/Necr      0%         N/A       100%        8
 Summon Horrible Things   Summ           0%         N/A       100%        8
 Chain Lightning          Conj/Air       0%         N/A       100%        9
 Polar Vortex             Ice            0%         N/A       100%        9
 Sublimation of Blood     Necr           Unusable   N/A       N/A         2
 Cigotuvi's Dreadful Rot  Necr/Pois/Air  Unusable   N/A       N/A         2
 Statue Form              Tmut/Erth      Unusable   N/A       N/A         6

Dungeon Overview and Level Annotations

Branches:
Dungeon (15/15)            Temple (0/1) D:6            Lair (5/5) D:9
 Shoals (4/4) Lair:3        Snake (4/4) Lair:2        Slime (5/5) Lair:5
    Orc (2/2) D:12            Elf (3/3) Orc:2        Vaults (5/5) D:13
  Crypt (3/3) Vaults:2       Tomb (0/3) Crypt:3      Depths (4/4) D:15
   Hell (visited)             Zot (0/5) Depths:4      Sewer (visited)
    Dis: Hell:1         Geh: Hell:1         Coc: Hell:1         Tar: Hell:1

Altars:
Ashenzari
Gozag
Kikubaaqudgha
Qazlal
Ru
Sif Muna
Trog
Uskayaw
Vehumet
Wu Jian
Yredelemnul
The Shining One

Shops:
D:8 !   D:13 (   Orc:1 :   Orc:2 ![:[   Elf:1 [*   Shoals:1 !*   Snake:4 =:=
Vaults:1 ?   Vaults:2 (   Vaults:3 (   Depths:2 ?

Portals:
Hell: Depths:1 Depths:2 Depths:3 Depths:4
Abyss: Depths:1 Depths:2 Depths:3
Pandemonium: Depths:2
Ziggurat: Depths:3

Annotations:
Slime:4 Dissolution
Depths:4 1 runed translucent door
Hell Geryon


Innate Abilities, Weirdness & Mutations

You are immune to sickness and miasma.
Your stone body is resilient. (AC +20)
You are immune to poison.
Your large and strong wings let you fly.
You resist negative energy. (rN+)
You are resistant to electric shocks. (rElec)
You are resistant to unholy torment.
You are immune to petrification.
You are partially covered in iridescent scales. (AC +2)
You have supernaturally acute eyesight. (SInv)
You are clumsy. (Dex -2)
Your body sometimes deteriorates upon taking damage.
Your flesh is heat resistant. (rF+)
You are somewhat resistant to further mutation.
Your movements are slightly less encumbered by armour. (ER -2)


Message History

The searing wretch claws you!
* * * LOW HITPOINT WARNING * * *
The searing wretch completely misses you.
The searing wretch misses you. The searing wretch barely misses you.
The searing wretch bites you but does no damage.
The reaper misses you. The tormentor closely misses you. x2
The sun demon moves out of view.
Thank you for visiting Hell.
Please come again soon.
You fly up through the gate.
Welcome back to the Depths!
There is a gateway to Hell here.
Okay, then.
Okay, then.
You feel much better. The sun demon closely misses you.
The hell rat closely misses you. The searing wretch barely misses you.
The searing wretch completely misses you. x2
The searing wretch claws you.
* * * LOW HITPOINT WARNING * * *
You are engulfed in flames!!
* * * LOW HITPOINT WARNING * * *
The searing wretch claws you but does no damage.
The searing wretch barely misses you.
The green death hits you but does no damage.
The searing wretch claws you but does no damage. x2
The searing wretch bites you.
* * * LOW HITPOINT WARNING * * *
You are covered in liquid flames.
You are covered in liquid flames!
The tormentor calls on the powers of darkness!
You feel a surge of unholy energy. The hell rat closely misses you.
The sun demon closely misses you.
A red film seems to cover your vision as you go berserk!
You feel yourself moving faster!
You feel mighty!
You are covered in liquid flames!
* * * LOW HITPOINT WARNING * * *
The tormentor misses you.
The tormentor hits you but does no damage.
The searing wretch claws you.
* * * LOW HITPOINT WARNING * * *
You are engulfed in flames!!
You die...

....≈......?..#
?......#......## #######
...............###..#..###
...............#.........#
..............##........##
.......^......##.......##
.......................###
....≈≈≈........3nn.......###
..(.§≈§........r@2.........#
.....≈≈§..[....2.n..^......#
........#...≈......##......#
........#...≈≈......#.#...##
≈§§..≈≈.....§≈......####..#
§§§..≈≈≈≈§≈.........####.##
§§§..≈................####
......................#
......................#


You could see 3 searing wretches, a green death, a sun demon, a tormentor and a
hell rat.

Vanquished Creatures
  the Royal Jelly (Slime:5)
  2 dread liches
  2 juggernauts
  Sojobo (Vaults:3)
  Xtahua (Depths:4)
  Margery (Depths:4)
  Vashnia (Snake:3)
  2 curse toes (Crypt:3)
  A caustic shrike (Depths:3)
  5 golden dragons
  A bone dragon (Depths:4)
  the Enchantress (Depths:3)
  3 tentacled monstrosities
  Jorgrun (Orc:1)
  Rupert (D:13)
  2 deep elf master archers (Elf:3)
  4 liches
  2 titans (Vaults:4)
  A deep elf blademaster (Elf:3)
  3 krakens
  16 acid blobs
  6 ancient champions (Crypt:3)
  A tentacled starspawn (Abyss:2)
  3 quicksilver dragons
  Polyphemus (Shoals:2)
  6 storm dragons
  3 shadow dragons
  5 sphinxes
  Kirke (D:13)
  14 tengu reavers
  A draconian monk (Abyss:2)
  14 rockslimes
  Ilsuiw (Shoals:2)
  The ghost of Yritoa the Warrior, a journeyman MiBe of Trog (Elf:3)
  5 nagarajas (Snake:4)
  7 frost giants
  A draconian knight (Depths:4)
  8 azure jellies
  4 deep elf sorcerers (Elf:3)
  2 revenants
  9 fire giants
  2 iron dragons
  An angel (Depths:3)
  Louise (Shoals:1)
  A curse skull (Crypt:3)
  16 vault wardens
  16 ironbound preservers
  4 orc warlords
  A draconian annihilator (Depths:4)
  9 ghouls
  A cacodemon (Abyss:2)
  3 spriggan defenders (Depths:3)
  8 quicksilver oozes
  4 deep elf elementalists
  A war gargoyle (Vaults:4)
  19 very ugly things
  22 stone giants
  8 ironbound thunderhulks
  2 elemental wellsprings (Depths:3)
  6 deep elf demonologists
  11 vampire knights
  A green draconian (Depths:4)
  The ghost of purpskrrrp the Blocker, a journeyman FoFi of Gozag (D:12)
  A lorocyproca (Abyss:2)
  A white draconian (Depths:4)
  9 spark wasps
  A minotaur (Shoals:3)
  The ghost of Pokonic1 the Fighter, a journeyman HOFi of Beogh (Shoals:1)
  4 dire elephants
  Snorg (D:13)
  4 black draconians (Depths:4)
  4 deep elf annihilators
  A purple draconian (Depths:4)
  An eidolon (Crypt:2)
  4 deep elf death magi
  10 merfolk javelineers
  6 ettins
  18 yaktaur captains
  4 crystal guardians (Vaults:4)
  Josephine (D:15)
  10 great orbs of eyes
  15 merfolk impalers
  33 vault guards
  13 jiangshi
  8 fire dragons
  2 spriggan zombies
  7 deep elf high priests
  2 hydras
  6 ice dragons
  5 anacondas
  3 peacekeepers (Vaults:4)
  5 merfolk avatars
  2 ogre magi
  8 spriggan air magi
  The ghost of holysushi the Nimble, a journeyman GnWn of Uskayaw (D:10)
  3 rakshasas
  3 salamander tyrants
  3 catoblepae
  Erolcha (D:13)
  A death knight (Vaults:2)
  10 ironbound frosthearts
  6 two-headed ogres
  6 boulder beetles
  8 death yaks
  2 deep troll shamans (Depths:1)
  4 merfolk aquamancers
  2 alligator snapping turtles
  13 centaur warriors
  21 dancing weapons
  The ghost of Heh the Slicer, a journeyman OpVM of Gozag (Orc:1)
  20 naga warriors
  14 vampire magi
  4 satyrs
  4 thrashing horrors (Abyss:2)
  5 hell knights (Depths:4)
  7 tengu warriors
  10 deep troll earth magi
  4 orc high priests (Orc:2)
  11 spriggan berserkers
  14 naga sharpshooters
  8 shock serpents
  A quicksilver ooze zombie (Crypt:3)
  Sonja (D:10)
  15 deep elf knights
  4 soul eaters
  A titan skeleton (Crypt:3)
  2 wretched stars (Abyss:2)
  A shadow wraith (Crypt:2)
  6 skeletal warriors (Crypt:3)
  7 iron trolls
  Lodul (D:10)
  12 sea snakes
  5 bog bodies
  10 salamander mystics
  56 deep trolls
  5 flayed ghosts
  A naga ritualist (Snake:4)
  12 deep elf archers
  8 glowing orange brains
  An orange crystal statue (Depths:3)
  A golden dragon skeleton (Crypt:3)
  14 wizards
  15 orc knights
  2 obsidian statues
  6 lindwurms
  A bunyip skeleton (Crypt:2)
  A bunyip zombie (Crypt:2)
  A shadow dragon zombie (Abyss:2)
  30 harpies
  12 phantasmal warriors
  8 ironbound convokers
  3 necromancers
  38 deep elf pyromancers
  22 deep elf zephyrmancers
  A stone giant zombie (Crypt:1)
  7 mana vipers
  A shining eye (shapeshifter) (D:15)
  18 fauns
  6 orc sorcerers
  3 shining eyes
  An elephant (shapeshifter) (Depths:4)
  5 cyclopes
  40 ugly things
  A will-o-the-wisp (Abyss:2)
  21 salamanders
  A worldbinder (Abyss:2)
  A moth of wrath (shapeshifter) (Vaults:4)
  A moth of wrath (Orc:1)
  A frost giant skeleton (Crypt:2)
  A dire elephant zombie (Crypt:3)
  A sphinx skeleton (Crypt:3)
  An iron dragon skeleton (Crypt:3)
  A smoke demon (Abyss:2)
  Joseph (D:9)
  148 slime creatures
  6 guardian serpents
  15 manticores
  16 naga magi
  28 black mambas
  13 merfolk sirens
  14 elephants
  2 orange demons (Abyss:2)
  23 vault sentinels
  6 water nymphs
  An alligator snapping turtle zombie (Crypt:2)
  A centaur skeleton (Crypt:2)
  2 eyes of devastation
  A shock serpent skeleton (Crypt:3)
  A gargoyle (D:13)
  2 apocalypse crabs
  24 cane toads
  3 rime drakes
  An elephant slug zombie (Crypt:3)
  A rime drake (shapeshifter) (Elf:2)
  11 komodo dragons
  An efreet (Abyss:2)
  6 freezing wraiths
  46 yaktaurs
  3 tengu conjurers
  A spectral water nymph (Shoals:1)
  5 trolls
  An ancient zyme (Abyss:2)
  3 meliai (Shoals:3)
  8 wind drakes
  4 polar bears
  A hellwing (Abyss:2)
  4 hornets
  31 merfolk
  3 tyrant leeches (Lair:5)
  A blink frog (shapeshifter) (Vaults:4)
  Grinder (D:3)
  A harpy skeleton (Crypt:2)
  A hydra skeleton (Crypt:3)
  3 spectral merfolk (Shoals:1)
  9 blink frogs (Lair:5)
  A satyr zombie (Crypt:3)
  5 dream sheep (Lair:5)
  An ettin zombie (Crypt:2)
  A raiju (shapeshifter) (Elf:2)
  An alligator zombie (Crypt:2)
  A spectral manticore (Shoals:1)
  A meliai zombie (Crypt:3)
  9 snapping turtles
  Sigmund (D:2)
  5 spriggans
  2 air elementals
  3 vampires (Crypt:3)
  2 shadows
  4 flying skulls (Abyss:2)
  11 wraiths
  48 yaks
  16 water elementals
  2 ynoxinuls (Abyss:2)
  A centaur simulacrum (Crypt:1)
  6 large abominations (Abyss:2)
  A wind drake zombie (Crypt:1)
  3 fire elementals
  2 hogs (D:13)
  A human (D:8)
  4 wyverns
  11 redbacks
  6 golden eyes
  4 basilisks
  11 vampire mosquitoes
  A neqoxec (Abyss:2)
  A sea snake simulacrum (Shoals:1)
  A harpy simulacrum (Crypt:3)
  6 wargs
  44 nagas
  13 water moccasins
  Duvessa (D:7)
  34 orc warriors
  A manticore zombie (Crypt:1)
  An elephant zombie (Crypt:3)
  A demonspawn skeleton (Crypt:1)
  A black mamba simulacrum (Crypt:1)
  5 ice beasts (D:9)
  A manticore skeleton (Crypt:2)
  8 centaurs
  A wind drake simulacrum (Shoals:1)
  20 wolves
  9 ogres
  A spectral cyclops (Shoals:1)
  A phantom (D:6)
  4 kobold brigands
  20 bullfrogs
  9 necrophages
  A merfolk simulacrum (Shoals:1)
  A gnoll sergeant (D:8)
  A deep troll simulacrum (Crypt:1)
  3 earth elementals
  3 scorpions
  6 small abominations (Abyss:2)
  A polar bear zombie (Crypt:3)
  7 wights
  Dowan (D:7)
  A shapeshifter zombie (Crypt:1)
  10 killer bees
  A shapeshifter skeleton (Crypt:1)
  2 electric eels (Lair:5)
  2 howler monkeys
  A quasit (Abyss:2)
  17 orc priests
  2 jellies
  5 hounds
  A gnoll bouda (D:6)
  An iron imp (Abyss:2)
  Jessica (D:3)
  Ijyb (D:5)
  An iguana (D:6)
  27 orc wizards
  3 hell rats
  Terence (D:3)
  A deep dwarf skeleton (Crypt:2)
  An ogre skeleton (Crypt:2)
  Robin (D:3)
  32 gnolls
  A howler monkey skeleton (Crypt:1)
  9 adders
  6 river rats
  A shadow imp (D:7)
  A white imp (D:7)
  3 ufetubi
  An iguana skeleton (Crypt:1)
  4 worms
  2 dart slugs
  59 orcs
  8 ball pythons
  3 bats
  7 endoplasms
  3 giant cockroaches
  14 goblins
  15 hobgoblins
  42 kobolds
  3 quokkas
  5 frilled lizards
  A jackal zombie (D:8)
  10 rats
  14 butterflies (Vaults:1)
  2 plants (Depths:3)
  2 starspawn tentacles (Abyss:2)
  2 tentacles
2229 creatures vanquished.

Vanquished Creatures (collateral kills)
  A deep elf annihilator (Vaults:5)
  2 vault guards (Vaults:5)
  2 naga sharpshooters (Snake:4)
  A salamander (Snake:4)
  A naga mage (Snake:4)
  The ghost of jejorda2 the Slasher, a novice MfBe of Trog (D:5)
  A floating eye (shapeshifter) (Vaults:5)
  6 ogres (D:10)
  A quokka (D:5)
16 creatures vanquished.

Vanquished Creatures (others)
  A deep elf sorcerer (Elf:3)
  An ironbound preserver (Vaults:5)
  2 deep elf annihilators (Elf:3)
  A white draconian (Depths:4)
  A vault guard (Vaults:5)
  An ice dragon (Depths:3)
  A phantasmal warrior (Vaults:5)
  A deep elf pyromancer (Elf:1)
  2 culicivoras (Vaults:5)
  27 fungi
  A lurking horror (Abyss:2)
  124 plants
  2 starspawn tentacles (Abyss:2)
  12 tentacles
  10 toadstools (Lair:4)
187 creatures vanquished.

Grand Total: 2432 creatures vanquished

Notes
Turn   | Place    | Note
-------+----------+-------------------------------------------
     0 | D:1      | purpskrrrp the Gargoyle Fighter began the quest for the
                  | Orb.
     0 | D:1      | Reached XP level 1. HP: 14/14 MP: 1/1
   115 | D:1      | Noticed a floating eye
   117 | D:1      | Found a faded altar of an unknown god.
   118 | D:1      | Noticed a floating eye
   118 | D:1      | Noticed a golden eye
   118 | D:1      | Noticed a great orb of eyes
   121 | D:1      | Reached XP level 2. HP: 17/19 MP: 2/2
   133 | D:1      | Prayed at the altar of an unknown god.
   133 | D:1      | Became a worshipper of Ashenzari the Shackled
   282 | D:1      | Reached XP level 3. HP: 22/24 MP: 3/3
   858 | D:2      | Reached skill level 4 in Armour
   891 | D:2      | Noticed Sigmund
   905 | D:2      | Killed Sigmund
   906 | D:2      | Reached skill level 5 in Armour
   906 | D:2      | Reached XP level 4. HP: 14/30 MP: 4/4
   906 | D:2      | Reached XP level 5. HP: 16/34 MP: 5/5
  1145 | D:2      | Reached XP level 6. HP: 39/39 MP: 6/6
  1694 | D:2      | Gained mutation: You expend magic power (3 MP) to
                  | strengthen your wands. [potion of mutation]
  1694 | D:2      | Gained mutation: You are agile. (Dex +4, Str/Int -1)
                  | [potion of mutation]
  1694 | D:2      | Gained mutation: You possess an exceptional clarity of
                  | mind. [potion of mutation]
  1694 | D:2      | Gained mutation: You passively map a small area around you.
                  | [potion of mutation]
  1802 | D:3      | Found a glowing drain.
  1810 | Sewer    | Entered a sewer
  1866 | Sewer    | Reached skill level 5 in Fighting
  2134 | D:3      | Reached skill level 6 in Armour
  2147 | D:3      | Reached XP level 7. HP: 38/44 MP: 7/7
  2311 | D:3      | Noticed Robin
  2322 | D:3      | Killed Robin
  2394 | D:3      | Identified the +7 dagger of Mandamus {flame, Str+5}
  2400 | D:3      | Noticed Terence
  2404 | D:3      | Found a radiant altar of Vehumet.
  2410 | D:3      | Noticed Grinder
  2420 | D:3      | Killed Terence
  2421 | D:3      | Paralysed by Grinder for 2 turns
  2431 | D:3      | Paralysed by Grinder for 5 turns
  2443 | D:3      | Killed Grinder
  2529 | D:3      | Noticed Jessica
  2534 | D:3      | Killed Jessica
  2535 | D:3      | Reached skill level 7 in Armour
  2604 | D:3      | Found a shimmering blue altar of Sif Muna.
  2969 | D:3      | Lost mutation: You expend magic power (3 MP) to strengthen
                  | your wands. [potion of mutation]
  2969 | D:3      | Lost mutation: You passively map a small area around you.
                  | [potion of mutation]
  2969 | D:3      | Lost mutation: You possess an exceptional clarity of mind.
                  | [potion of mutation]
  2969 | D:3      | Gained mutation: You are partially covered in iridescent
                  | scales. (AC +2) [potion of mutation]
  2969 | D:3      | Gained mutation: You are very agile. (Dex +8, Str/Int -2)
                  | [potion of mutation]
  2969 | D:3      | Gained mutation: Your spells are a little easier to cast,
                  | but a little less powerful. [potion of mutation]
  3096 | D:4      | Reached XP level 8. HP: 41/51 MP: 8/8
  3675 | D:5      | Entered Level 5 of the Dungeon
  3675 | D:5      | Noticed Ijyb
  3685 | D:5      | Killed Ijyb
  3965 | D:5      | Found a runed translucent door.
  3999 | D:5      | Found an opulent altar of Gozag.
  4034 | D:5      | Found a runed translucent door.
  4129 | D:5      | Reached skill level 5 in Maces & Flails
  4527 | D:5      | Reached skill level 8 in Armour
  4756 | D:5      | Noticed jejorda2's ghost (novice MfBe)
  4831 | D:5      | Killed jejorda2's ghost
  4917 | D:5      | Lost mutation: Your spells are a little easier to cast, but
                  | a little less powerful. [potion of mutation]
  4917 | D:5      | Lost mutation: You are very agile. (Dex +8, Str/Int -2)
                  | [potion of mutation]
  4917 | D:5      | Lost mutation: You are agile. (Dex +4, Str/Int -1) [potion
                  | of mutation]
  4917 | D:5      | Gained mutation: Your movements are slightly less
                  | encumbered by armour. (ER -2) [potion of mutation]
  4917 | D:5      | Gained mutation: Your flesh is heat resistant. (rF+)
                  | [potion of mutation]
  4917 | D:5      | Gained mutation: You have supernaturally acute eyesight.
                  | (SInv) [potion of mutation]
  5032 | D:6      | Found a staircase to the Ecumenical Temple.
  5057 | D:6      | Reached skill level 9 in Armour
  5070 | D:6      | Reached XP level 9. HP: 55/57 MP: 9/9
  5426 | D:6      | Found an ornate altar of the Wu Jian Council.
  6144 | D:7      | Reached skill level 10 in Armour
  6152 | D:7      | Noticed Dowan
  6152 | D:7      | Noticed Duvessa
  6160 | D:7      | Killed Dowan
  6172 | D:7      | Killed Duvessa
  6753 | D:7      | Reached skill level 11 in Armour
  6758 | D:7      | Reached XP level 10. HP: 58/65 MP: 10/10
  7089 | D:8      | Found Jaiff's Distillery.
  7126 | D:8      | Found a runed translucent door.
  7129 | D:8      | Found a basalt altar of Yredelemnul.
  7347 | D:8      | Reached skill level 12 in Armour
  7882 | D:9      | Noticed Joseph
  7896 | D:9      | Noticed a tengu warrior
  7903 | D:9      | Killed Joseph
  7905 | D:9      | Killed a tengu warrior
  7923 | D:9      | Reached XP level 11. HP: 69/72 MP: 11/11
  7981 | D:9      | Reached skill level 13 in Armour
  7999 | D:9      | Reached skill level 10 in Fighting
  8018 | D:9      | Found a staircase to the Lair.
  8326 | D:9      | Paralysed by an orc priest for 3 turns
  8514 | D:10     | Entered Level 10 of the Dungeon
  8612 | D:10     | Found a stormy altar of Qazlal.
  8650 | D:10     | Noticed Sonja
  8688 | D:10     | Killed Sonja
  9052 | D:10     | Found a runed translucent gate.
  9053 | D:10     | Found a runed translucent gate.
  9053 | D:10     | Found an opulent altar of Gozag.
  9054 | D:10     | Found a runed translucent gate.
  9071 | D:10     | Noticed an obsidian statue
  9071 | D:10     | Noticed an orc knight
  9072 | D:10     | Noticed holysushi's ghost (journeyman GnWn)
  9072 | D:10     | Noticed an ogre mage
  9260 | D:10     | Noticed Lodul
  9293 | D:10     | Reached skill level 14 in Armour
  9309 | D:10     | Killed Lodul
 10526 | D:11     | Noticed a two-headed ogre
 10533 | D:11     | Killed a two-headed ogre
 10737 | D:12     | Noticed a cyclops
 10738 | D:12     | Noticed a centaur warrior
 10751 | D:12     | Noticed a purple ugly thing
 10752 | D:12     | Killed a centaur warrior
 10753 | D:12     | Reached XP level 12. HP: 37/80 MP: 12/12
 11120 | D:12     | Reached skill level 10 in Maces & Flails
 11265 | D:12     | Reached skill level 15 in Armour
 11387 | D:12     | Found a staircase to the Orcish Mines.
 11463 | D:12     | Noticed a two-headed ogre
 11478 | D:12     | Killed a two-headed ogre
 11606 | D:13     | Found a runed translucent gate.
 11638 | D:13     | Found a runed translucent gate.
 11638 | D:13     | Found a runed translucent gate.
 11645 | D:13     | Noticed purpskrrrp's ghost (journeyman FoFi)
 11646 | D:13     | Identified the +8 short sword of Fixation {heavy, rF-
                  | Will++ Str+3 Dex+4}
 11691 | D:13     | Found Yterch's Antique Weapon Emporium.
 12067 | D:13     | Noticed Snorg
 12096 | D:13     | Killed Snorg
 12507 | D:13     | Noticed Rupert
 12624 | Lair:1   | Entered Level 1 of the Lair of Beasts
 12707 | Lair:1   | Noticed a boulder beetle
 12755 | Lair:1   | Killed a boulder beetle
 12838 | Lair:1   | Reached skill level 16 in Armour
 13426 | Lair:1   | Reached XP level 13. HP: 87/87 MP: 13/13
 13929 | Lair:2   | Reached skill level 1 in Evocations
 14030 | Lair:2   | Found a staircase to the Snake Pit.
 14154 | Lair:2   | Reached skill level 17 in Armour
 14237 | Lair:2   | Found a glowing golden altar of the Shining One.
 14540 | Lair:3   | Found a staircase to the Shoals.
 14809 | Lair:3   | Reached * piety under Ashenzari
 15249 | Lair:3   | Found a transporter.
 15251 | Lair:3   | Found a transporter.
 16346 | Lair:4   | Noticed a dire elephant
 16346 | Lair:4   | Identified the ring "Cumazxy" {Str+2 SInv}
 16366 | Lair:4   | Found a runed translucent door.
 16445 | Lair:4   | Identified a scroll of acquirement
 16589 | Lair:4   | Gained mutation: Your large and strong wings let you fly.
                  | [Gargoyle growth]
 16589 | Lair:4   | Reached XP level 14. HP: 30/96 MP: 14/14
 16608 | Lair:4   | Reached skill level 18 in Armour
 16872 | Lair:4   | Acquired a +1 great mace of venom
 16924 | Lair:4   | Reached ** piety under Ashenzari
 17248 | Lair:4   | Killed a dire elephant
 17616 | Lair:5   | Entered Level 5 of the Lair of Beasts
 17616 | Lair:5   | Identified the +2 short sword "Aqilen" {protect, rN+ Str+4}
 17829 | Lair:5   | Reached skill level 5 in Evocations
 18493 | Lair:5   | Found a staircase to the Slime Pits.
 19105 | D:8      | Bought a potion of heal wounds for 55 gold pieces
 19105 | D:8      | Bought a potion of heal wounds for 55 gold pieces
 19105 | D:8      | Bought a potion of heal wounds for 55 gold pieces
 19105 | D:8      | Bought a potion of ambrosia for 88 gold pieces
 19105 | D:8      | Bought a potion of curing for 33 gold pieces
 19105 | D:8      | Bought a potion of invisibility for 88 gold pieces
 19105 | D:8      | Bought a potion of berserk rage for 55 gold pieces
 19105 | D:8      | Bought a potion of curing for 33 gold pieces
 19105 | D:8      | Bought a potion of haste for 110 gold pieces
 19233 | D:10     | Reached skill level 19 in Armour
 19279 | D:10     | Killed holysushi's ghost
 19511 | Orc:1    | Entered Level 1 of the Orcish Mines
 19511 | Orc:1    | Noticed Jorgrun
 19524 | Orc:1    | Killed Jorgrun
 19531 | Orc:1    | Found a transporter.
 19566 | Orc:1    | Found a transporter.
 19580 | Orc:1    | Noticed Heh's ghost (journeyman OpVM)
 19604 | Orc:1    | Noticed an orc warlord
 19620 | Orc:1    | Found a bloodstained altar of Trog.
 19703 | Orc:1    | Found Fateol's Vocational Training.
 19894 | Orc:2    | Entered Level 2 of the Orcish Mines
 20136 | Orc:2    | Gained mutation: Your body sometimes deteriorates upon
                  | taking damage. [a neqoxec]
 20139 | Orc:2    | Reached XP level 15. HP: 46/103 MP: 15/15
 20314 | Orc:2    | Paralysed by an orc sorcerer for 3 turns
 20454 | Orc:2    | Found a staircase to the Elven Halls.
 20582 | Orc:2    | Gained mutation: You are somewhat resistant to further
                  | mutation. [a neqoxec]
 20637 | Orc:2    | Found Gyhiton's Armour Shop.
 20637 | Orc:2    | Found Mote's Distillery.
 20664 | Orc:2    | Found Maaxku Yvyb's Book Emporium.
 20664 | Orc:2    | Found Aserash's Armour Emporium.
 20685 | Orc:2    | Bought the +2 cloak of the Thief {*Fog Slay-2 SInv Stlth+}
                  | for 281 gold pieces
 20685 | Orc:2    | Found the +2 cloak of the Thief {*Fog Slay-2 SInv Stlth+}
 20697 | Orc:2    | Bought a potion of curing for 42 gold pieces
 20697 | Orc:2    | Bought a potion of mutation for 112 gold pieces
 20697 | Orc:2    | Bought a potion of might for 56 gold pieces
 20697 | Orc:2    | Bought a potion of haste for 140 gold pieces
 20697 | Orc:2    | Bought a potion of haste for 140 gold pieces
 20697 | Orc:2    | Bought a potion of curing for 42 gold pieces
 21086 | D:13     | Noticed Kirke
 21092 | D:13     | Noticed a sphinx
 21093 | D:13     | Killed Kirke
 21299 | D:13     | Noticed Erolcha
 21508 | D:13     | Killed Erolcha
 21969 | D:13     | Reached skill level 20 in Armour
 21981 | D:13     | Found a gate to the Vaults.
 22224 | D:13     | Killed Rupert
 22286 | D:13     | Identified the +1 cloak "Kovaxt" {Regen+ Int+6 Dex-5
                  | Stlth-}
 22386 | D:12     | Killed purpskrrrp's ghost
 22851 | D:14     | Reached skill level 15 in Fighting
 23154 | D:15     | Entered Level 15 of the Dungeon
 23204 | D:14     | Reached skill level 1 in Throwing
 23376 | D:15     | Found a staircase to the Depths.
 23433 | D:15     | Noticed Josephine
 23442 | D:15     | Killed Josephine
 23709 | D:15     | Reached XP level 16. HP: 60/110 MP: 16/16
 24487 | D:15     | Acquired a +2 demon whip of draining
 24494 | D:15     | Acquired 1159 gold pieces
 24624 | Orc:1    | Bought a manual of Evocations for 1120 gold pieces
 24764 | Orc:1    | Killed Heh's ghost
 25243 | Snake:1  | Entered Level 1 of the Snake Pit
 26034 | Snake:1  | Reached skill level 21 in Armour
 26599 | Snake:2  | Identified the +3 ring mail "Moqul" {*Slow rElec Will++
                  | MP+9}
 28065 | Snake:2  | Reached skill level 5 in Shields
 28068 | Snake:2  | Reached XP level 17. HP: 117/117 MP: 17/17
 28566 | Snake:3  | Reached skill level 10 in Evocations
 28587 | Snake:3  | Noticed Vashnia
 28630 | Snake:3  | Killed Vashnia
 29291 | Snake:4  | Entered Level 4 of the Snake Pit
 29510 | Snake:4  | Found Terud's Jewellery Emporium.
 29512 | Snake:4  | Found Jookil's Book Boutique.
 29513 | Snake:4  | Found Acan's Jewellery Emporium.
 29600 | Snake:4  | Reached skill level 22 in Armour
 29666 | Snake:4  | HP: 8/177 [naga sharpshooter/arrow (2)]
 30009 | Snake:4  | Reached skill level 15 in Maces & Flails
 30181 | Snake:4  | Reached *** piety under Ashenzari
 30242 | Snake:4  | Identified Uvvoint's Vademecum on the Jinx and the
                  | Discharge
 30311 | Snake:4  | Got a serpentine rune of Zot
 30785 | Snake:4  | Reached XP level 18. HP: 118/127 MP: 18/18
 31090 | Shoals:1 | Entered Level 1 of the Shoals
 31193 | Shoals:1 | Found Luyntayr's Gadget Gallery.
 31258 | Shoals:1 | Found a runed translucent gate.
 31261 | Shoals:1 | Noticed Louise
 31262 | Abyss:2  | Cast into level 2 of the Abyss (Louise)
 31267 | Abyss:2  | Reached **** piety under Ashenzari
 31271 | Abyss:2  | Found a hide-covered altar of Uskayaw.
 32064 | Abyss:2  | Noticed a lich
 32078 | Abyss:2  | Noticed a bone dragon
 32111 | Shoals:1 | Escaped the Abyss
 32254 | Shoals:1 | Killed Louise
 32519 | Shoals:1 | Noticed a tentacled monstrosity
 32539 | Shoals:1 | Killed a tentacled monstrosity
 32710 | Shoals:1 | Identified the Elucidation of Mad Ravings
 32711 | Shoals:1 | Identified the ring of Wiostob {rN+ Will+}
 32751 | Shoals:1 | Reached skill level 23 in Armour
 33055 | Shoals:1 | Killed a lich
 33100 | Shoals:1 | Found Ugurijom's Distillery.
 33312 | Shoals:1 | Bought a potion of heal wounds for 85 gold pieces
 33312 | Shoals:1 | Bought a potion of curing for 51 gold pieces
 33312 | Shoals:1 | Bought a potion of curing for 51 gold pieces
 33312 | Shoals:1 | Bought a potion of curing for 51 gold pieces
 33312 | Shoals:1 | Bought 2 potions of heal wounds for 170 gold pieces
 33368 | Shoals:1 | Found a runed translucent gate.
 33368 | Shoals:1 | Found a runed translucent gate.
 33625 | Shoals:1 | Noticed Pokonic1's ghost (journeyman HOFi)
 33655 | Shoals:1 | Killed Pokonic1's ghost
 33963 | Shoals:2 | Noticed Ilsuiw
 34053 | Shoals:2 | Killed Ilsuiw
 34536 | Shoals:2 | Noticed Polyphemus
 34582 | Shoals:2 | Killed Polyphemus
 35397 | Shoals:3 | Reached XP level 19. HP: 130/137 MP: 19/19
 35615 | Shoals:3 | Found a hide-covered altar of Uskayaw.
 37019 | Shoals:4 | Entered Level 4 of the Shoals
 37745 | Shoals:4 | Got a barnacled rune of Zot
 37878 | Shoals:4 | Reached skill level 24 in Armour
 38110 | Shoals:4 | Reached skill level 10 in Shields
 38336 | Shoals:4 | Found the +0 staff of Battle
 39341 | Elf:1    | Entered Level 1 of the Elven Halls
 39820 | Elf:1    | Paralysed by an air elemental for 1 turns
 39882 | Elf:1    | Found Ekkid's Armour Emporium.
 39898 | Elf:1    | Found Kydyl's Assorted Antiques.
 39973 | Elf:1    | Reached XP level 20. HP: 65/144 MP: 20/20
 40399 | Elf:1    | Identified Soom's Compendium of Formation
 40590 | Elf:1    | Identified the +0 scale mail of the Catamount {rN+ Str+5}
 40911 | Elf:2    | Reached skill level 1 in Stealth
 41262 | Elf:2    | Found a runed translucent gate.
 41262 | Elf:2    | Found a runed translucent gate.
 41266 | Elf:2    | Found a runed translucent gate.
 41274 | Elf:2    | Reached skill level 1 in Dodging
 41538 | Elf:3    | Entered Level 3 of the Elven Halls
 41918 | Elf:3    | Found a runed translucent door.
 41919 | Elf:3    | Noticed Yritoa's ghost (journeyman MiBe)
 42165 | Elf:3    | Noticed a Tzitzimitl
 42433 | Elf:3    | Reached skill level 15 in Evocations
 42442 | Elf:3    | Reached skill level 5 in Stealth
 42588 | Elf:3    | Paralysed by an air elemental for 1 turns
 42780 | Elf:3    | Identified the +10 rapier "Vamof" {chaos, Str+6}
 42813 | Elf:3    | Noticed a Tzitzimitl
 42976 | Elf:3    | Identified the Atlas of Malediction and the Switch
 42986 | Elf:3    | Identified the +9 sling of Tis Ezoe {flame, rCorr}
 43273 | Elf:3    | Killed Yritoa's ghost
 44638 | Vaults:1 | Entered Level 1 of the Vaults
 44648 | Vaults:1 | Reached skill level 25 in Armour
 44903 | Vaults:1 | Reached XP level 21. HP: 133/148 MP: 21/21
 45692 | Vaults:1 | Found a huge runed gate.
 45692 | Vaults:1 | Found a huge runed gate.
 45692 | Vaults:1 | Found a huge runed gate.
 45692 | Vaults:1 | Found a huge runed gate.
 45692 | Vaults:1 | Found a huge runed gate.
 45693 | Vaults:1 | Found a huge runed gate.
 45693 | Vaults:1 | Found a huge runed gate.
 45693 | Vaults:1 | Found a huge runed gate.
 45693 | Vaults:1 | Found a huge runed gate.
 45693 | Vaults:1 | Found a huge runed gate.
 45694 | Vaults:1 | Found a huge runed gate.
 45694 | Vaults:1 | Found a huge runed gate.
 45695 | Vaults:1 | Found a huge runed gate.
 45696 | Vaults:1 | Found a huge runed gate.
 45697 | Vaults:1 | Found a huge runed gate.
 45705 | Vaults:1 | Found a huge runed gate.
 45705 | Vaults:1 | Found a huge runed gate.
 45705 | Vaults:1 | Found a huge runed gate.
 45705 | Vaults:1 | Found a huge runed gate.
 45705 | Vaults:1 | Found a huge runed gate.
 45705 | Vaults:1 | Found a huge runed gate.
 45706 | Vaults:1 | Found a huge runed gate.
 45707 | Vaults:1 | Found a huge runed gate.
 45708 | Vaults:1 | Found a huge runed gate.
 45716 | Vaults:1 | Found a huge runed gate.
 45716 | Vaults:1 | Found a huge runed gate.
 45716 | Vaults:1 | Found a huge runed gate.
 45716 | Vaults:1 | Found a huge runed gate.
 45716 | Vaults:1 | Found a huge runed gate.
 45716 | Vaults:1 | Found a huge runed gate.
 45717 | Vaults:1 | Found a huge runed gate.
 45718 | Vaults:1 | Found a huge runed gate.
 45719 | Vaults:1 | Found a huge runed gate.
 45727 | Vaults:1 | Found a huge runed gate.
 45727 | Vaults:1 | Found a huge runed gate.
 45727 | Vaults:1 | Found a huge runed gate.
 46429 | Vaults:1 | Found Edesh's Magic Scroll Shop.
 46468 | Vaults:1 | Bought a scroll of enchant weapon for 105 gold pieces
 46468 | Vaults:1 | Bought a scroll of summoning for 133 gold pieces
 46468 | Vaults:1 | Bought a scroll of teleportation for 42 gold pieces
 46468 | Vaults:1 | Bought a scroll of teleportation for 42 gold pieces
 46972 | Vaults:1 | Identified the Compilation of Astrapomancy and Rime
 47137 | Vaults:1 | Identified the ring "Rijetiok" {rPois rC+ rN+ EV+5}
 47137 | Vaults:1 | Found the +2 hood of the Assassin {Detection Stab+ Stlth++}
 47568 | Vaults:2 | Found Vesaor's Weapon Shoppe.
 47597 | Vaults:2 | Reached skill level 10 in Stealth
 47633 | Vaults:2 | Bought 5 silver javelins for 156 gold pieces
 48115 | Vaults:2 | Found a staircase to the Crypt.
 48592 | Vaults:3 | Reached skill level 5 in Dodging
 48677 | Vaults:3 | Reached XP level 22. HP: 140/156 MP: 22/22
 49271 | Vaults:3 | Found Savaw's Weapon Shoppe.
 49398 | Vaults:3 | Reached ***** piety under Ashenzari
 49648 | Vaults:3 | Noticed Sojobo
 49666 | Vaults:3 | Killed Sojobo
 50209 | Vaults:4 | Found a flickering gateway to a bazaar.
 50215 | Bazaar   | Entered a bazaar
 50220 | Bazaar   | Found Isois's Distillery.
 50235 | Bazaar   | Found Beothrast's Antique Weapon Boutique.
 50243 | Bazaar   | Found Wysmos's General Store.
 50249 | Bazaar   | Found Zairishro's Book Shoppe.
 50255 | Bazaar   | Found Tosog's Weapon Shop.
 50270 | Bazaar   | Bought a manual of Throwing for 880 gold pieces
 50311 | Bazaar   | Bought a potion of might for 60 gold pieces
 50311 | Bazaar   | Bought a potion of curing for 45 gold pieces
 50311 | Bazaar   | Bought a potion of curing for 45 gold pieces
 50311 | Bazaar   | Bought a potion of heal wounds for 75 gold pieces
 51821 | Vaults:5 | Entered Level 5 of the Vaults
 52105 | Depths:1 | Entered Level 1 of the Depths
 52125 | Depths:1 | Found a gateway to Hell.
 52276 | Depths:1 | Reached XP level 23. HP: 162/167 MP: 23/23
 52361 | Depths:1 | Identified Gaitraed's Octavo of Combustive Cryomancy
 52400 | Depths:1 | Found a one-way gate to the infinite horrors of the Abyss.
 53127 | Depths:1 | Found an ornate altar of the Wu Jian Council.
 53366 | Depths:2 | Found Difoh's Magic Scroll Shoppe.
 53532 | Depths:2 | Bought a scroll of enchant weapon for 172 gold pieces
 53532 | Depths:2 | Bought a scroll of enchant armour for 172 gold pieces
 53532 | Depths:2 | Bought a scroll of enchant armour for 172 gold pieces
 53532 | Depths:2 | Bought a scroll of blinking for 172 gold pieces
 53581 | Depths:2 | Found an ornate altar of the Wu Jian Council.
 53581 | Depths:2 | Found a glowing golden altar of the Shining One.
 53582 | Depths:2 | Found a sacrificial altar of Ru.
 53582 | Depths:2 | Found a stormy altar of Qazlal.
 54343 | Depths:2 | Reached skill level 15 in Stealth
 54459 | Depths:2 | Found a one-way gate leading to the halls of Pandemonium.
 54910 | Depths:3 | Found an opulent altar of Gozag.
 55218 | Depths:3 | Noticed a golden dragon
 55229 | Depths:3 | Killed a golden dragon
 55279 | Depths:3 | Noticed a golden dragon
 55288 | Depths:3 | Killed a golden dragon
 55598 | Depths:3 | Found a one-way gateway to a ziggurat.
 55806 | Depths:3 | Found a basalt altar of Yredelemnul.
 56089 | Depths:3 | Noticed the Enchantress
 56092 | Depths:3 | Noticed a golden dragon
 56100 | Depths:3 | Noticed a caustic shrike
 56104 | Depths:3 | Killed a golden dragon
 56461 | Depths:3 | Killed the Enchantress
 56462 | Depths:3 | Reached XP level 24. HP: 170/180 MP: 24/24
 56486 | Depths:3 | Noticed a juggernaut
 56497 | Depths:3 | Killed a juggernaut
 56521 | Depths:3 | Killed a caustic shrike
 56944 | Depths:4 | Entered Level 4 of the Depths
 56995 | Depths:4 | Reached skill level 15 in Shields
 57132 | Depths:4 | Found a gate to the Realm of Zot.
 57172 | Depths:4 | Noticed Margery
 57182 | Depths:4 | Killed Margery
 57503 | Depths:4 | Found a runed translucent door.
 57633 | Depths:4 | Noticed Xtahua
 57637 | Depths:4 | Noticed a juggernaut
 57644 | Depths:4 | Killed Xtahua
 57664 | Depths:4 | Killed a juggernaut
 58258 | Hell     | Entered the Vestibule of Hell
 59934 | Vaults:5 | Identified the ring "Konloq" {Fire rElec Stlth+}
 59935 | Vaults:5 | Noticed a dread lich
 60307 | Vaults:5 | Noticed a dread lich
 60311 | Vaults:5 | Killed a dread lich
 61039 | Vaults:4 | Reached XP level 25. HP: 147/187 MP: 24/24
 61232 | Vaults:4 | Killed a dread lich
 62128 | Vaults:5 | HP: 2/185 [ettin/+0 dire flail (18)]
 62139 | Vaults:4 | HP: 9/185 [vault warden/bolt (16)]
 62495 | Vaults:5 | Identified the +10 plate armour "Zeticua" {rC+ rCorr}
 62648 | Vaults:5 | Identified the +7 plate armour of Baldness {Harm *Slow +Inv
                  | rC+}
 62711 | Vaults:5 | Identified the +8 rapier "Latao" {antimagic, rElec rF+++
                  | rC- Int-5}
 62781 | Vaults:5 | Identified the +7 glaive of Destiny {vamp, rPois Dex+2
                  | Stlth+}
 63030 | Vaults:5 | Got a silver rune of Zot
 63616 | Crypt:1  | Entered Level 1 of the Crypt
 64758 | Crypt:2  | Reached skill level 10 in Dodging
 65554 | Crypt:3  | Entered Level 3 of the Crypt
 65766 | Crypt:3  | Found a staircase to the Tomb.
 66867 | Crypt:3  | Found a basalt altar of Yredelemnul.
 66870 | Crypt:3  | Found an ancient bone altar of Kikubaaqudgha.
 66888 | Crypt:3  | Identified the +7 ring mail of Eternal Vigilance {rF-
                  | Str+8}
 66888 | Crypt:3  | Found the +8 mithril axe "Arga" {speed, Will+}
 66949 | Crypt:3  | Identified the ring "Nauthruh" {rN+ Dex+6}
 66949 | Crypt:3  | Identified the ring of the Seeker {rN+ MP+9 Dex+4}
 66949 | Crypt:3  | Found the +9 sword of Zonguldrok {reap}
 67532 | Slime:1  | Entered Level 1 of the Pits of Slime
 67902 | Slime:2  | Reached XP level 26. HP: 193/193 MP: 23/23
 69891 | Slime:5  | Entered Level 5 of the Pits of Slime
 69898 | Slime:5  | Gained mutation: You are clumsy. (Dex -2) [a shining eye]
 70217 | Slime:5  | Identified the Volume of the Loathsome Body
 70277 | Slime:5  | Noticed the Royal Jelly
 70282 | Slime:5  | Killed the Royal Jelly
 70304 | Slime:4  | Noticed Dissolution
 70716 | Slime:5  | Identified the amulet of Leaves {rPois rF+ Regen+ Slay+3}
 70717 | Slime:5  | Identified the +7 morningstar of Slow Death {flame, rPois
                  | rC+}
 70717 | Slime:5  | Identified the +3 mace of Perversion {antimagic, Int+5}
 70719 | Slime:5  | Identified the +7 short sword "Impbane" {heavy, rElec rF+
                  | Int+4 Stlth+}
 70726 | Slime:5  | Got a slimy rune of Zot
 70776 | Slime:5  | Identified the Dissertation on the Brilliant Curse
 71605 | Hell     | Noticed Geryon
 71610 | Depths:1 | HP: 8/193 [searing wretch (34)]
 71611 | Depths:1 | Demolished by a searing wretch

Illustrated notes

Levels and vault maps discovered:
D:1:      dpeg_arrival_tiny_c, layout_basic,
          hellmonk_ecumenical_altar_watching_god
D:2:      layout_basic, uniq_sigmund
D:3:      layout_basic, vehumet_altar_wand_db, tgw_sif,
          lightli_sewer_entry_pipes, grunt_decor_one_mirror,
          cheibrodos_gnoll_hut, uniq_grinder, uniq_terence, uniq_robin
D:4:      layout_cave_pools
D:5:      layout_cave_pods, mainiacjoe_overflow_paths, ebering_ghost_sewer_f,
          uniq_ijyb
D:6:      kennysheep_kobold_camp, layout_loops_ring,
          mainiacjoe_overflow_cross_hatched, minmay_temple_entry_tees
D:7:      layout_cave_pools, serial_column_ruins, column_ruins_hut,
          column_ruins_open_medium_water, column_ruins_corridor_T,
          column_ruins_open_medium, column_ruins_corridor_straight,
          column_ruins_open_large, uniq_duvessa
D:8:      layout_loops_ring, dk_yredelemnul_ordeal, serial_shops, shop,
          minivault_26
D:9:      layout_cave_pools, hellmonk_lair_entry_icy, grunt_ministairs_14,
          uniq_joseph
D:10:     layout_stronghold, mainiacjoe_overflow_small_starburst,
          ebering_ghost_gozag, serial_park_tiny_2, the_hattery, uniq_lodul,
          uniq_sonja
D:11:     layout_loops_cross
D:12:     layout_rooms, minmay_orc_entry_guard_dogs
D:13:     layout_grid_maze, grunt_vaults_entry_fortified, serial_shops,
          nicolae_shop_temple_entry_statues_fountains,
          biasface_ghost_orc_armoury, uniq_kirke, uniq_rupert, uniq_erolcha,
          uniq_snorg
D:14:     layout_roguey, hangedman_abyss_or_decor_stagger
D:15:     gammafunk_enter_depths_forms, layout_rooms, uniq_josephine
Lair:1:   layout_regular_city, nzn_sisyphean_effort, lemuel_fruit_fields,
          grunt_megastairs_2, infiniplex_staircase_pool_2
Lair:2:   layout_cave_shapes, dummy_snake_entry, basic_altar
Lair:3:   gammafunk_boulding_lane, layout_loops_ring, elwin_shoals_entry_stream
Lair:4:   gammafunk_lair_enchanted_lake, layout_cave_pods
Lair:5:   minmay_lair_end_frog_pond, layout_layer_cave, slime_entry_1
Shoals:1: dreamdust_from_the_deep, layout_shoals, serial_shops,
          nicolae_shop_advertising_works [nicolae_subvault_shop_adworks],
          gammafunk_ghost_necromancy, nicolae_shop_gadgets, uniq_louise
Shoals:2: layout_shoals, uniq_ilsuiw, uniq_polyphemus
Shoals:3: layout_shoals, regret_index_shoals_crete
Shoals:4: shoals_end_simple, layout_shoals
Snake:1:  layout_misc_corridors
Snake:2:  layout_rooms, nicolae_snake_round_shape_thing,
          nicolae_snake_gridmaze_waves, grunt_megastairs_4
Snake:3:  layout_concentric_octagons, uniq_vashnia
Snake:4:  johnstein_snake_rune_scales, layout_grid_maze, serial_bayou_shore_a,
          minmay_shop_grove
Slime:1:  layout_caves
Slime:2:  cheibrodos_slime_lost_civilization_10, layout_caves
Slime:3:  layout_caves
Slime:4:  layout_caves, uniq_dissolution
Slime:5
Orc:1:    layout_caves, gammafunk_ghost_wrathful_warriors,
          nicolae_shop_vocational, uniq_jorgrun
Orc:2:    st_orc_elflike, layout_diamond_mine
Elf:1:    elf_arrival_002, layout_loops_cross, minmay_elf_demonology, drop_trap,
          due_unseen_surprise, minmay_shoptagon
Elf:2:    elven_hall_of_blades_hangedman_original [nicolae_blade_little_rooms],
          layout_geoelf_octagon
Elf:3:    minmay_elf_hall_dome, layout_geoelf_octagon,
          ebering_ghost_reflecting_pool
Vaults:1: vaults_room_hangedman_quadrants, nicolae_vaults_theta, v_pattern_2,
          hangedman_vaults_corner_blocks, v_rooms_6, vaults_room_pool,
          nicolae_vaults_network_periphery, vaults_mumra_hex,
          ontoclasm_vaults_tryst, nicolae_vaults_network_quinsquares
          [nicolae_vaults_network_quincunx_subvault,
          nicolae_vaults_network_quincunx_subvault,
          nicolae_vaults_network_quincunx_subvault,
          nicolae_vaults_network_quincunx_subvault],
          nicolae_vaults_circle_grid_a, hangedman_vaults_nails,
          ontoclasm_vaults_ring_square, not_door_vault_mu,
          nicolae_vaults_diagonal_hallway_9, ontoclasm_vaults_twist,
          layout_vaults_omnibox, serial_shops, shop_statue
Vaults:2: ontoclasm_vaults_eye, minmay_crypt_entry_simple_round,
          vaults_mumra_chevron_long, nicolae_vaults_statue_guard,
          dpeg_vaults_monster_box, layout_vaults_omnigrid
Vaults:3: v_misc_18, nicolae_vaults_mini_display_case, v_rooms_2,
          hangedman_vaults_slice, vaults_mumra_minichess,
          vaults_room_ringed_pool, v_alt_pattern_5, ontoclasm_vaults_hangar,
          v_misc_17, ontoclasm_vaults_hangar, nicolae_vaults_theta,
          ontoclasm_vaults_ring_square, grunt_vaults_diagonal,
          vaults_dpeg_hooks, grunt_vaults_hallway_short, vaults_room_pool,
          layout_vaults_maze_snakey, serial_shops, shop, uniq_sojobo
Vaults:4: vaults_room_pools, vaults_standard_mumra_lines,
          hangedman_vaults_pinch, nicolae_vaults_alarming, v_misc_17, v_misc_14,
          v_alt_pattern_6, nicolae_vaults_shelves_hall,
          hangedman_vaults_capsules, nicolae_vaults_gold_heap,
          vaults_room_semicircle, v_misc_33, layout_vaults_big_room,
          serial_shops, bzr_entry_dummy
Vaults:5
Crypt:1:  layout_basic, serial_sigils, serial_sigils_hangedman_etch,
          serial_sigils_hangedman_carve, serial_sigils_hangedman_shear,
          serial_sigils_hangedman_confine, serial_sigils_hangedman_snap,
          serial_sigils_hangedman_scratch, grunt_ministairs_1
Crypt:2:  layout_basic, roderic_lattice_octagonal_star
Crypt:3:  lightli_unholy_cathedral, layout_chaotic_city,
          nicolae_tomb_entry_rubble_hallway
Depths:1: layout_cave_pools, nicolae_abyss_entry_one_way_or_another, hell_entry,
          nzn_wu_jian_contemplation, st_stairs_7, kennysheep_opposing_triangles
Depths:2: minmay_the_grid_octo_tiled_squarecenter
          [minmay_the_grid_octo_tetromino_candy, minmay_the_grid_octo_focus,
          minmay_the_grid_octo_shrine, minmay_the_grid_octo_chip,
          minmay_the_grid_square_5x5_megaprize_hollow,
          minmay_the_grid_square_5x5_slash, minmay_the_grid_square_5x5_dogpile,
          minmay_the_grid_square_5x5_trominoes,
          minmay_the_grid_square_5x5_plus], layout_long_grid, serial_shops,
          nicolae_shop_temple_entry_statues_fountains,
          hangedman_abyss_entry_splay, rand_demon_pan_entry_4, hell_entry
Depths:3: gammafunk_depths_water_palace, layout_gridlike, enter_ziggurat_f,
          abyss_entry, hell_entry, yredelemnul_altar_generic,
          nicolae_gozag_seed_capital
Depths:4: grunt_crosshair, layout_twisted_cross, grunt_metal_band,
          nicolae_eternal_life, minmay_acid_items, uniq_xtahua
Hell

Skill      XL: |  1  2  3  4  5  6  7  8  9 10 11 12 13 14 15 16 17 18 19 20 21 22 23 24 25 26 |
---------------+-------------------------------------------------------------------------------+-----
Armour         | 5 6 7 9 11 12 14 16 17 19 20 21 22 23 24 25 | 25.5
Fighting       | 4 5 7 8 9 11 12 13 14 15 16 17 18 19 20 21 23 | 23.8
Maces & Flails | 3 4 5 7 8 9 11 12 13 14 15 16 17 18 19 20 21 | 21.5
Evocations     | 4 6 7 9 11 13 14 15 | 15.5
Throwing       | 1 3 |  3.3
Shields        | 5 7 9 10 11 12 13 14 15 16 | 16.9
Stealth        | 6 10 13 15 16 17 18 | 18.7
Dodging        | 3 5 6 8 9 10 11 | 11.3

Action                   |  1- 3 |  4- 6 |  7- 9 | 10-12 | 13-15 | 16-18 | 19-21 | 22-24 | 25-27 || total
-------------------------+-------+-------+-------+-------+-------+-------+-------+-------+-------++-------
Melee: Flail             |   115 |   132 |   212 |       |       |       |       |       |       ||   459
       Dire flail        |       |       |   253 |   642 |   415 |       |       |       |       ||  1310
       Great mace        |       |       |       |       |   973 |    79 |       |       |       ||  1052
       Demon whip        |       |       |       |       |       |  1634 |  1870 |  1663 |   145 ||  5312
       Punch             |       |       |       |       |       |     7 |       |       |       ||     7
       Maul              |       |       |       |       |       |       |       |       |   477 ||   477
Throw: Dart              |       |       |       |     8 |    22 |     1 |     1 |       |       ||    32
       Throwing net      |       |       |       |     2 |     1 |       |       |       |       ||     3
       Javelin           |       |       |       |       |    53 |       |       |     2 |       ||    55
Invok: Curse Item        |       |       |     1 |       |     4 |     4 |     1 |     3 |       ||    13
       Shatter the Chain |       |       |       |       |     1 |     1 |     2 |     1 |     1 ||     6
Evoke: Wand              |       |       |    21 |    14 |     2 |     5 |    10 |    14 |     1 ||    67
       Tin of tremorston |       |       |     3 |     1 |     3 |     7 |     7 |    11 |     5 ||    37
  Use: Scroll            |     4 |     6 |    13 |    13 |    13 |     9 |     7 |    16 |    12 ||    93
       Potion            |     1 |     2 |     7 |     7 |    17 |     9 |    15 |    10 |     6 ||    74
 Stab: Distracted        |       |       |     1 |       |       |       |       |     3 |     6 ||    10
       Paralysed         |       |       |       |     8 |       |     5 |       |       |       ||    13
       Petrified         |       |       |       |       |     2 |     4 |       |       |       ||     6
       Petrifying        |       |       |       |       |     1 |       |       |       |       ||     1
       Invisible         |       |       |       |       |     3 |       |     2 |     3 |       ||     8
       Sleeping          |       |       |       |       |       |       |     3 |    45 |    21 ||    69
Armor: Scale mail        |    49 |       |       |       |       |       |       |       |       ||    49
       Plate armour      |     9 |    71 |    67 |   659 |  1404 |  1024 |  1284 |  1145 |   969 ||  6632
       Ring mail         |       |       |   322 |       |       |       |       |       |       ||   322
Dodge: Dodged            |    48 |    47 |   322 |   331 |   769 |   331 |   408 |   766 |   962 ||  3984
Block: Buckler           |    22 |    24 |    89 |       |       |       |       |       |       ||   135
       Tower shield      |       |       |       |       |       |  1043 |  1605 |  1715 |   160 ||  4523

Table legend: (Time is in decaauts)
 A = Elapsed time spent in this place.
 B = Non-inter-level travel time spent in this place.
 C = Inter-level travel time spent in this place.
 D = Time resting spent in this place.
 E = Time spent auto-exploring this place.
 F = Levels seen in this place.
 G = Mean time per level.
                   A        B        C        D        E       F      G
               +--------+--------+--------+--------+--------+-----+--------+
         Total |  70496 |  64007 |   6489 |  14588 |  33424 |  54 | 1305.5 |
       Dungeon |  17666 |  15354 |   2312 |   2499 |   9242 |  15 | 1177.7 |
          Lair |   7268 |   6465 |    803 |   1384 |   3808 |   5 | 1453.6 |
        Shoals |   6838 |   6471 |    367 |   2024 |   2850 |   4 | 1709.5 |
     Snake Pit |   5432 |   5152 |    280 |   1244 |   2344 |   4 | 1358.0 |
    Slime Pits |   3993 |   3626 |    367 |    853 |   1706 |   5 |  798.6 |
  Orcish Mines |   1904 |   1655 |    249 |    214 |    793 |   2 |  952.0 |
   Elven Halls |   4750 |   4259 |    491 |   1089 |   2019 |   3 | 1583.3 |
        Vaults |  12004 |  11204 |    800 |   4165 |   4878 |   5 | 2400.8 |
         Crypt |   3592 |   3221 |    371 |    458 |   1877 |   3 | 1197.3 |
        Depths |   6030 |   5586 |    444 |    655 |   3429 |   4 | 1507.5 |
          Hell |     16 |     16 |      0 |      0 |      0 |   1 |   16.0 |
         Abyss |    788 |    788 |      0 |      0 |    446 |   1 |  788.0 |
        Bazaar |    111 |    111 |      0 |      0 |     22 |   1 |  111.0 |
         Sewer |     98 |     98 |      0 |      0 |      8 |   1 |   98.0 |
               +--------+--------+--------+--------+--------+-----+--------+

Top non-repeatable levels by time:
Vaults:4: 4996 daAuts
    D:13: 2835 daAuts
Vaults:1: 2602 daAuts
Depths:3: 2168 daAuts
  Lair:4: 2063 daAuts
Shoals:4: 1924 daAuts
   Elf:2: 1915 daAuts
Shoals:2: 1815 daAuts
Vaults:3: 1776 daAuts
 Snake:4: 1694 daAuts
Shoals:1: 1686 daAuts
 Snake:2: 1659 daAuts
    D:10: 1529 daAuts
   Elf:3: 1488 daAuts
Depths:2: 1457 daAuts
